 Dungeon Crawl Stone Soup version 0.23.2-33-g5129a83184 (webtiles) character file.

Game seed: 17964976772316789451

3603 troglodite the Covered (level 10, -3/74 HPs)
             Began as a Gnoll Wanderer on July 22, 2019.
             Was an Initiate of Ashenzari.
             Killed from afar by Erica (12 damage)
             ... with a bolt of poison
             ... on level 8 of the Dungeon.
             The game lasted 00:34:18 (11699 turns).

troglodite the Covered (Gnoll Wanderer)            Turns: 11699, Time: 00:34:19

Health: -3/74      AC: 14    Str: 17    XL:     10   Next: 10%
Magic:  17/17      EV:  8    Int: 13    God:    Ashenzari [......]
Gold:   490        SH: 10    Dex: 17    Spells: 18/18 levels left

rFire    . . .     SeeInvis .   w - +0 hand axe (flame) (curse)
rCold    . . .     Gourm    .   i - +0 shield (curse)
rNeg     . . .     Faith    .   o - +0 chain mail (curse)
rPois    .         Spirit   .   (no helmet)
rElec    .         Reflect  .   B - +0 cloak (curse)
rCorr    .         Harm     .   G - +0 pair of gloves
MR       .....                  q - +0 pair of boots
Stlth    ..........             (no amulet)
HPRegen  0.22/turn              k - ring of wizardry
MPRegen  0.15/turn              (no ring)

@: lethally poisoned (-3 -> -13), slowed, very slow
A: distributed training, fangs 1, strong nose
a: Curse Item, Renounce Religion


You were on level 8 of the Dungeon.
You worshipped Ashenzari.
Ashenzari was noncommittal.
You were very hungry.

You visited 2 branches of the dungeon, and saw 9 of its levels.

You collected 490 gold pieces.

Inventory:

Hand Weapons
 g - a +2 dagger of venom
 w - a cursed +0 hand axe of flaming (weapon)
Armour
 i - a cursed +0 shield (worn)
 o - a cursed +0 chain mail (worn)
 q - a +0 pair of boots (worn)
 B - a cursed +0 cloak (worn)
 G - a +0 pair of gloves (worn)
Jewellery
 k - a ring of wizardry (left hand)
Wands
 e - a wand of paralysis (7)
 t - a wand of random effects (14)
 A - a wand of acid (5)
 C - a wand of iceblast (21)
Scrolls
 a - a scroll of blinking {unknown}
 c - 3 scrolls of teleportation
 h - 2 scrolls of magic mapping {unknown}
 m - a scroll of enchant armour {unknown}
 n - 3 scrolls of immolation {unknown}
 s - 2 scrolls of random uselessness {unknown}
 v - 4 scrolls of amnesia {unknown}
 y - 3 scrolls of fear {unknown}
 F - a scroll of remove curse
Potions
 b - 3 potions of curing
 l - a potion of flight
 p - 2 potions of mutation
 r - a potion of lignification
 u - a potion of magic
 x - a potion of might
 z - a potion of resistance {unknown}
 D - a potion of invisibility {unknown}
 E - a potion of agility {unknown}
Comestibles
 f - 14 rations


   Skills:
 + Level 5.5 Fighting
 + Level 4.8 Short Blades
 + Level 4.8 Long Blades
 + Level 5.5 Axes
 + Level 4.8 Maces & Flails
 + Level 4.8 Polearms
 + Level 4.8 Staves
 + Level 4.8 Slings
 + Level 4.8 Bows
 + Level 4.8 Crossbows
 + Level 5.5 Throwing
 + Level 6.7 Armour
 + Level 5.5 Dodging
 + Level 6.5 Stealth
 + Level 5.5 Shields
 + Level 5.5 Unarmed Combat
 + Level 4.8 Spellcasting
 + Level 4.0 Conjurations
 + Level 4.0 Hexes
 + Level 4.0 Charms
 + Level 4.0 Summonings
 + Level 4.0 Necromancy
 + Level 4.0 Translocations
 + Level 4.0 Transmutations
 + Level 4.0 Fire Magic
 + Level 4.0 Ice Magic
 + Level 4.0 Air Magic
 + Level 4.0 Earth Magic
 + Level 4.0 Poison Magic
 + Level 5.3 Invocations
 + Level 4.8 Evocations


You had 18 spell levels left.
You didn't know any spells.
Your spell library was empty.

Dungeon Overview and Level Annotations

Branches:
Dungeon (8/15)             Temple (1/1) D:7
   Lair: D:8-11

Altars:
Ashenzari
Cheibriados
Dithmenos
Elyvilon
Fedhas
Gozag
Hepliaklqana
Kikubaaqudgha
Makhleb
Nemelex Xobeh
Qazlal
Ru
Sif Muna
Trog
Uskayaw
Vehumet
Wu Jian
Xom
Yredelemnul
Zin
The Shining One

Shops:
D:6 *

Annotations:
D:8 Erica


Innate Abilities, Weirdness & Mutations

Your experience applies equally to all skills.
You have very sharp teeth.
Your uncanny sense of smell can sniff out nearby items.


Message History

You feel better. Something hits you.
* * * LOW HITPOINT WARNING * * *
Something burns you.
* * * LOW HITPOINT WARNING * * *
Something hits you.
* * * LOW HITPOINT WARNING * * *
Something burns you.
* * * LOW HITPOINT WARNING * * *
You feel better. Something hits you but does no damage.
Unknown command.
You closely miss something. Something hits you but does no damage.
You hit something. You burn something. Something hits you.
* * * LOW HITPOINT WARNING * * *
Something burns you.
* * * LOW HITPOINT WARNING * * *
You hear some strange, mumbled words.
A bolt of poison appears from out of thin air!
The bolt of poison hits you!
You are lethally poisoned!
You die...

##. ##..# ..(.## #
#....## #. #.....#
#.# ###)#
#..###...##
#...(....##
##.@......## #####
#.{####...#####....
#... ####.........
##... ###......#
#...# ##.....#
##..# ##.....# ..#
##....... ..#
#........
##..####..


There were no monsters in sight!

Vanquished Creatures
  Harold (D:7)
  A human (D:7)
  4 hogs (D:7)
  A black bear (D:6)
  An ice beast (D:6)
  A sky beast (D:6)
  A phantom (D:6)
  5 ogres
  2 centaurs (D:6)
  A big kobold (D:7)
  3 bullfrogs
  A scorpion (D:6)
  2 howler monkeys (D:7)
  A crimson imp (D:6)
  3 hounds
  A jelly (D:6)
  2 centaur skeletons
  An orc priest (D:7)
  A bullfrog skeleton (D:7)
  2 orc wizards
  Natasha (thrice) (D:3)
  2 iguanas
  6 worker ants
  A hound zombie (D:8)
  2 hound skeletons
  5 gnolls
  12 adders
  A shadow imp (D:6)
  3 oozes
  An adder skeleton (D:7)
  2 worms
  3 dart slugs (D:3)
  2 leopard geckos
  14 orcs
  8 bats
  4 giant cockroaches
  6 goblins
  4 hobgoblins
  13 jackals
  3 quokkas
  2 ball pythons
  2 frilled lizards
  6 kobolds
  7 rats
147 creatures vanquished.

Notes
Turn   | Place    | Note
-------+----------+-------------------------------------------
     0 | D:1      | troglodite the Gnoll Wanderer began the quest for the Orb.
     0 | D:1      | troglodite set off with the following items: a +0 club, a
                  | potion of curing, a scroll of teleportation, a +2 scale
                  | mail, a +0 dagger, a ration
     0 | D:1      | Reached XP level 1. HP: 17/17 MP: 1/1
   359 | D:1      | Reached XP level 2. HP: 14/23 MP: 2/2
   851 | D:2      | Reached XP level 3. HP: 14/28 MP: 3/3
  1170 | D:2      | Noticed a phantom
  1841 | D:2      | Reached skill level 1 in Invocations
  2773 | D:2      | Reached skill level 1 in Short Blades
  2773 | D:2      | Reached skill level 1 in Long Blades
  2773 | D:2      | Reached skill level 1 in Maces & Flails
  2773 | D:2      | Reached skill level 1 in Polearms
  2773 | D:2      | Reached skill level 1 in Staves
  2773 | D:2      | Reached skill level 1 in Slings
  2773 | D:2      | Reached skill level 1 in Bows
  2773 | D:2      | Reached skill level 1 in Crossbows
  2773 | D:2      | Reached skill level 1 in Spellcasting
  2773 | D:2      | Reached skill level 1 in Evocations
  2806 | D:2      | Reached XP level 4. HP: 34/34 MP: 5/5
  2925 | D:2      | Reached skill level 1 in Conjurations
  2925 | D:2      | Reached skill level 1 in Hexes
  2925 | D:2      | Reached skill level 1 in Charms
  2925 | D:2      | Reached skill level 1 in Summonings
  2925 | D:2      | Reached skill level 1 in Necromancy
  2925 | D:2      | Reached skill level 1 in Translocations
  2925 | D:2      | Reached skill level 1 in Transmutations
  2925 | D:2      | Reached skill level 1 in Fire Magic
  2925 | D:2      | Reached skill level 1 in Ice Magic
  2925 | D:2      | Reached skill level 1 in Air Magic
  2925 | D:2      | Reached skill level 1 in Earth Magic
  2925 | D:2      | Reached skill level 1 in Poison Magic
  3164 | D:2      | Found a deep blue altar of Sif Muna.
  3168 | D:2      | Reached XP level 5. HP: 39/40 MP: 6/6
  3304 | D:3      | Noticed Natasha
  3316 | D:3      | Killed Natasha
  3516 | D:3      | Noticed a green death
  3517 | D:3      | Found a burning altar of Makhleb.
  3522 | D:3      | Found a glowing silver altar of Zin.
  3523 | D:3      | Noticed an angel
  3806 | D:3      | Reached XP level 6. HP: 47/47 MP: 8/8
  3830 | D:3      | Found a shimmering altar of Xom.
  3832 | D:3      | Found a hazy altar of Hepliaklqana.
  3833 | D:3      | Noticed a spectral ugly thing
  4030 | D:3      | Noticed Natasha
  4043 | D:3      | Killed Natasha
  4324 | D:3      | Noticed Natasha
  4338 | D:3      | Killed Natasha
  4378 | D:3      | Found a blossoming altar of Fedhas.
  4768 | D:4      | Found a blossoming altar of Fedhas.
  4775 | D:4      | Reached skill level 5 in Armour
  4844 | D:4      | Found a stormy altar of Qazlal.
  5171 | D:4      | Found a bloodstained altar of Trog.
  5584 | D:5      | Entered Level 5 of the Dungeon
  5739 | D:5      | Reached XP level 7. HP: 47/52 MP: 10/10
  6262 | D:5      | Got a wizard robe
  6383 | D:6      | Identified the +1 robe of Xom {+Blink +Inv +Fly rCorr} (You
                  | found it on level 5 of the Dungeon)
  6546 | D:6      | Found Kappiza's General Store.
  6675 | D:6      | Reached skill level 5 in Stealth
  7003 | D:6      | Found a shattered altar of Ashenzari.
  7009 | D:6      | Became a worshipper of Ashenzari the Shackled
  7202 | D:6      | Found a shadowy altar of Dithmenos.
  7207 | D:6      | Found a radiant altar of Vehumet.
  7245 | D:6      | Reached XP level 8. HP: 46/60 MP: 12/12
  8185 | D:7      | Noticed Harold
  9394 | D:6      | Reached XP level 9. HP: 46/66 MP: 14/14
  9883 | D:7      | Reached skill level 5 in Fighting
  9883 | D:7      | Reached skill level 5 in Axes
  9883 | D:7      | Reached skill level 5 in Throwing
  9883 | D:7      | Reached skill level 5 in Dodging
  9883 | D:7      | Reached skill level 5 in Shields
  9883 | D:7      | Reached skill level 5 in Unarmed Combat
 10420 | D:7      | Found a staircase to the Ecumenical Temple.
 10478 | D:7      | Killed Harold
 10478 | D:7      | Reached skill level 5 in Invocations
 10478 | D:7      | Reached XP level 10. HP: 31/74 MP: 15/17
 11234 | Temple   | Entered the Ecumenical Temple
 11672 | D:8      | Noticed Erica
 11691 | D:8      | HP: 3/74 [something (2)]
 11699 | D:8      | Killed from afar by Erica

Skill      XL: |  1  2  3  4  5  6  7  8  9 10 |
---------------+-------------------------------+-----
Invocations    | 1 2 3 4 5 |  5.3
Short Blades   | 1 2 3 4 |  4.8
Long Blades    | 1 2 3 4 |  4.8
Maces & Flails | 1 2 3 4 |  4.8
Polearms       | 1 2 3 4 |  4.8
Staves         | 1 2 3 4 |  4.8
Slings         | 1 2 3 4 |  4.8
Bows           | 1 2 3 4 |  4.8
Crossbows      | 1 2 3 4 |  4.8
Spellcasting   | 1 2 3 4 |  4.8
Evocations     | 1 2 3 4 |  4.8
Conjurations   | 1 2 3 4 |  4.0
Hexes          | 1 2 3 4 |  4.0
Charms         | 1 2 3 4 |  4.0
Summonings     | 1 2 3 4 |  4.0
Necromancy     | 1 2 3 4 |  4.0
Translocations | 1 2 3 4 |  4.0
Transmutations | 1 2 3 4 |  4.0
Fire Magic     | 1 2 3 4 |  4.0
Ice Magic      | 1 2 3 4 |  4.0
Air Magic      | 1 2 3 4 |  4.0
Earth Magic    | 1 2 3 4 |  4.0
Poison Magic   | 1 2 3 4 |  4.0
Fighting       | 3 4 5 |  5.5
Axes           | 3 4 5 |  5.5
Throwing       | 3 4 5 |  5.5
Dodging        | 3 4 5 |  5.5
Shields        | 3 4 5 |  5.5
Unarmed Combat | 3 4 5 |  5.5
Armour         | 5 6 |  6.7
Stealth        | 5 6 |  6.5

Action                   |  1- 3 |  4- 6 |  7- 9 | 10-12 || total
-------------------------+-------+-------+-------+-------++-------
Melee: Club              |   242 |       |       |       ||   242
       Bite              |    30 |    24 |    66 |    13 ||   133
       Dagger            |    29 |   182 |    18 |       ||   229
       Hand axe          |       |       |   444 |    99 ||   543
Invok: Curse Item        |       |       |     3 |       ||     3
  Use: Scroll            |       |       |     8 |     1 ||     9
       Potion            |       |       |     3 |     6 ||     9
 Stab: Sleeping          |       |     2 |     1 |       ||     3
       Distracted        |       |       |     1 |       ||     1
  Eat: Chunk             |     3 |     9 |    13 |     3 ||    28
       Ration            |     1 |       |     1 |       ||     2
Armor: Scale mail        |   154 |    46 |   186 |    10 ||   396
       Skin              |       |       |     3 |     9 ||    12
       Chain mail        |       |       |       |    23 ||    23
Dodge: Dodged            |   126 |    44 |   182 |    36 ||   388
Block: Shield            |   126 |    72 |   216 |    52 ||   466
